 Dungeon Crawl Stone Soup version 0.29.1-15-g9cfb28693d (webtiles) character file.

Game seed: 264908852457536413

7780 soylentgreeen202 the Severer (level 11, -21/80 HPs)
             Began as a Palentonga Fighter on Mar 31, 2023.
             Was a Believer of Ru.
             Demolished by Snorg (23 damage)
             ... on level 11 of the Dungeon.
             The game lasted 00:44:28 (12915 turns).

soylentgreeen202 the Severer (Palentonga Fighter)  Turns: 12915, Time: 00:44:29

Health: -21/80     AC: 17    Str: 32    XL:     11   Next: 1%
Magic:  14/14      EV:  8    Int:  8    God:    Ru [**....]
Gold:   375        SH:  4    Dex: 10    Spells: 15/15 levels left

rFire   + . .      SeeInvis +   h - +2 war axe (vorpal)
rCold   x . .      Faith    .   c - +0 buckler
rNeg    . . .      Spirit   .   F - +0 swamp dragon scales
rPois   +          Reflect  .   t - +0 helmet
rElec   .          Harm     .   C - +1 cloak
rCorr   .          Rampage  .   (no gloves)
Will    .....                   (no barding)
Stlth   ..........              y - amulet of the acrobat
HPRegen 0.23/turn               r - ring of fire
MPRegen 0.14/turn               w - +6 ring of strength

@: about to teleport, curled up, unable to drink
A: large, rugged brown scales 3, see invisible, deformed body, inability to
drink after injury 2, no fire magic, no necromancy magic, no transmutations
magic, roll 1, armoured tail, reflexive curl
a: Rolling Charge, Renounce Religion


You were on level 11 of the Dungeon.
You worshipped Ru.
Ru was pleased with you.
You visited 1 branch of the dungeon, and saw 10 of its levels.

You collected 483 gold pieces.
You spent 108 gold pieces at shops.

Inventory:

Hand Weapons
 h - a +2 vorpal war axe (weapon)
Missiles
 D - 3 throwing nets
Armour
 c - a +0 buckler (worn)
 t - a +0 helmet (worn)
 u - a +0 cloak
 C - a +1 cloak (worn)
 F - +0 swamp dragon scales (worn)
Jewellery
 j - a ring of flight
 l - an amulet of faith
 r - a ring of fire (left hand)
 v - a ring of see invisible
 w - a +6 ring of strength (right hand)
 y - an amulet of the acrobat (around neck)
 B - an amulet of guardian spirit
Wands
 H - a wand of flame (9)
 I - a wand of roots (4)
 J - a wand of paralysis (4) (quivered)
 K - a wand of acid (7)
Scrolls
 a - a scroll of brand weapon {unknown}
 b - a scroll of fog
 f - 2 scrolls of silence
 g - a scroll of amnesia
 m - a scroll of immolation
 q - 5 scrolls of identify
 s - a scroll of fear
 L - a scroll of poison
Potions
 d - 2 potions of might
 e - a potion of attraction
 i - 5 potions of degeneration {unknown}
 k - a potion of berserk rage
 n - 3 potions of heal wounds
 o - a potion of haste
 p - a potion of invisibility {unknown}
 x - 2 potions of mutation {unknown}
 z - a potion of flight {unknown}
 A - 3 potions of curing
 E - a potion of lignification {unknown}
 M - a potion of brilliance {unknown}


   Skills:
 + Level 3.2 Fighting
 - Level 16.0 Axes
 - Level 3.0 Armour
 - Level 3.0 Shields
 * Level 2.5 Spellcasting
 * Level 2.5 Evocations


You had 15 spell levels left.
You didn't know any spells.
Your spell library contained the following spells:

 Spells                   Type           Power      Damage    Failure   Level
 Apportation              Tloc           2%         N/A       52%         1
 Sandblast                Erth           2%         2d4       52%         1
 Blink                    Tloc           2%         N/A       65%         2
 Static Discharge         Conj/Air       1%         3-4/arc   65%         2
 Gell's Gravitas          Tloc           1%         N/A       87%         3
 Stone Arrow              Conj/Erth      2%         3d7       87%         3
 Teleport Other           Tloc           1%         N/A       87%         3
 Manifold Assault         Tloc           1%         N/A       100%        5
 Dispersal                Tloc           0%         N/A       100%        6
 Passwall                 Tmut/Erth      Unusable   N/A       N/A         2
 Conjure Flame            Conj/Fire      Unusable   6-21      N/A         3
 Ignite Poison            Fire/Tmut/Pois Unusable   N/A       N/A         3
 Dispel Undead            Necr           Unusable   3d6       N/A         4
 Sticky Flame             Conj/Fire      Unusable   2d3       N/A         4
 Alistair's Intoxication  Tmut/Pois      Unusable   N/A       N/A         5
 Blade Hands              Tmut           Unusable   N/A       N/A         5
 Irradiate                Conj/Tmut      Unusable   3d11      N/A         5
 Dragon Form              Tmut           Unusable   N/A       N/A         7
 Storm Form               Tmut/Air       Unusable   N/A       N/A         7

Dungeon Overview and Level Annotations

Branches:
Dungeon (11/15)            Temple (0/1) D:5            Lair (0/5) D:10
    Orc (0/2) D:10

Altars:
Ashenzari
Cheibriados
Fedhas
Gozag
Kikubaaqudgha
Makhleb
Nemelex Xobeh
Qazlal
Ru
Vehumet
Yredelemnul
Zin
The Shining One

Shops:
D:3 [   D:4 [

Annotations:
D:3 1 runed translucent door
D:10 exclusion: downstairs
D:11 Snorg


Innate Abilities, Weirdness & Mutations

You are completely covered in rugged brown scales. (AC +3, +7% HP)
You have supernaturally acute eyesight. (SInv)
Armour fits poorly on your strangely shaped body.
You sometimes lose the ability to drink potions when taking damage.
You cannot study or cast Fire magic.
You cannot study or cast Necromancy magic.
You cannot study or cast Transmutations magic.
You can roll at nearby foes to attack.
You have a long armoured tail.
You curl defensively after being hit. (AC +7*)


Message History

* * * LOW HITPOINT WARNING * * *
The vampire mosquito draws strength from your injuries!
You focus your inner power and blind the vampire mosquito in retribution!
You slice the troll!!
You kill the troll!
You miss the vampire mosquito. You hit the orc warrior.
You block the vampire mosquito's attack.
The gnoll sergeant hits you but does no damage.
The orc warrior barely misses you.
You have reached level 11!
The orc warrior attacks as you move away!
The orc warrior hits you with a +0 hand axe.
* * * LOW HITPOINT WARNING * * *
Your surroundings suddenly seem different.
Found a scroll of fear and 8 stones.
A troll comes into view.
Found 25 gold pieces.
The troll shouts!
You hear a roar!
You hear two shouts!
You hear a shout! x2
A shadow comes into view.
You hear two shouts!
Found a leather armour.
An acid dragon comes into view.
Found a wand of acid (4).
Snorg shouts!
Found a scroll of noise.
Snorg goes berserk!
You hear a shout!
You hear a shout!
You hear a shout!
The acid dragon begins to attack, but is stunned by your conviction!
You can drink potions again.
As you read the scroll of teleportation, it crumbles to dust.
You feel strangely unstable. Snorg bites you!
You feel threatened and lose the ability to drink potions!
* * * LOW HITPOINT WARNING * * *
Snorg claws you but does no damage. Snorg closely misses you. x2
Snorg barely misses you. x2
Unknown command.
You cannot drink potions in your current state!
Snorg attacks as you move away! Snorg bites you!!
You die...

##.......##g#$#.#
#######.#.#.#.#.#
#..# # #.#..
##### ##..#
###..##
.....##....(....
# ....#.##......
#.....##>..#
#........#
#...@...#
#.....#T...#
#.### #....#####
.....#.........
#....T#.....# ###
#.###W#.....# $.
#.[...#?....#
#.....#...$.#...
.###
#.###.#D###.#...


You could see Snorg (berserk), a troll and a shadow.

Vanquished Creatures
  Pikel (D:9)
  Maurice (D:9)
  Maggie (D:7)
  A kobold demonologist (D:10)
  Joseph (D:9)
  Psyche (D:9)
  2 trolls
  A shadow (D:10)
  6 yaks
  3 wargs (D:9)
  A water moccasin (D:6)
  An orc warrior (D:9)
  2 ice beasts (D:5)
  Duvessa (D:7)
  A sky beast (D:7)
  4 ogres
  A black bear (D:5)
  A phantom (D:7)
  3 centaurs
  A lemure (D:9)
  5 kobold brigands
  A gnoll sergeant (D:9)
  3 scorpions
  2 necrophages
  Dowan (D:7)
  3 wights (D:7)
  11 killer bees
  4 howler monkeys
  3 hounds
  2 lava snakes (D:9)
  3 orc priests
  A gnoll bouda (D:6)
  2 jellies
  4 iguanas
  A human skeleton (D:3)
  18 orc wizards
  11 adders
  8 gnolls
  A shadow imp (D:6)
  A white imp (D:6)
  2 worms
  4 dart slugs
  11 orcs
  7 endoplasms
  4 giant cockroaches
  6 goblins
  6 hobgoblins
  5 jackals
  25 kobolds
  A quokka (D:2)
  8 ball pythons
  8 bats
  7 rats
213 creatures vanquished.

Vanquished Creatures (others)
  A plant (D:10)
1 creature vanquished.

Grand Total: 214 creatures vanquished

Notes
Turn   | Place    | Note
-------+----------+-------------------------------------------
     0 | D:1      | soylentgreeen202 the Palentonga Fighter began the quest for
                  | the Orb.
     0 | D:1      | Reached XP level 1. HP: 19/19 MP: 1/1
    70 | D:1      | Reached XP level 2. HP: 19/25 MP: 2/2
   471 | D:1      | Reached XP level 3. HP: 22/31 MP: 3/3
   643 | D:1      | Found a faded altar of an unknown god.
   979 | D:2      | Reached skill level 3 in Axes
  1496 | D:2      | Reached XP level 4. HP: 37/37 MP: 4/4
  2559 | D:3      | Reached skill level 4 in Axes
  3018 | D:3      | Found a runed translucent door.
  3018 | D:3      | Noticed a human
  3023 | D:3      | Found a basalt altar of Yredelemnul.
  3175 | D:3      | Found Eraxtowu's Armour Boutique.
  3320 | D:4      | Found an opulent altar of Gozag.
  3327 | D:4      | Reached XP level 5. HP: 42/43 MP: 5/5
  3349 | D:4      | Found Usimn's Armour Shoppe.
  3366 | D:4      | Reached skill level 5 in Axes
  3369 | D:4      | Bought a +0 helmet for 54 gold pieces
  3369 | D:4      | Bought a +0 cloak for 54 gold pieces
  3792 | D:4      | Reached skill level 6 in Axes
  3792 | D:4      | Reached XP level 6. HP: 50/50 MP: 6/6
  4527 | D:5      | Entered Level 5 of the Dungeon
  4535 | D:5      | Reached skill level 7 in Axes
  4535 | D:5      | Gained mutation: You curl defensively after being hit. (AC
                  | +7*) [Palentonga growth]
  4535 | D:5      | Reached XP level 7. HP: 51/55 MP: 7/7
  4678 | D:4      | Reached skill level 8 in Axes
  5071 | D:5      | Found a blossoming altar of Fedhas.
  5286 | D:5      | Found a radiant altar of Vehumet.
  5292 | D:5      | Reached skill level 9 in Axes
  5623 | D:5      | Reached XP level 8. HP: 62/62 MP: 8/8
  5891 | D:5      | Found a sacrificial altar of Ru.
  6156 | D:5      | Reached skill level 10 in Axes
  6164 | D:5      | Became a worshipper of Ru the Awakened
  6284 | D:5      | Found a staircase to the Ecumenical Temple.
  7432 | D:6      | Identified the +6 trident of Xom, Crafting {antimagic,
                  | *Rage Drain rElec Stlth+}
  7767 | D:6      | Reached skill level 11 in Axes
  7843 | D:6      | Found a stormy altar of Qazlal.
  8198 | D:6      | Reached XP level 9. HP: 55/67 MP: 7/9
  8392 | D:7      | Found an ancient bone altar of Kikubaaqudgha.
  8485 | D:7      | Noticed Duvessa
  8490 | D:7      | Noticed Dowan
  8498 | D:7      | Killed Duvessa
  8499 | D:7      | Reached skill level 12 in Axes
  8499 | D:7      | Gained mutation: You cannot study or cast Fire magic. [Ru
                  | sacrifice]
  8499 | D:7      | Gained mutation: You cannot study or cast Transmutations
                  | magic. [Ru sacrifice]
  8499 | D:7      | Gained mutation: You cannot study or cast Necromancy magic.
                  | [Ru sacrifice]
  8499 | D:7      | Reached * piety under Ru
  8503 | D:7      | Killed Dowan
  8579 | D:7      | Noticed Maggie
  8603 | D:7      | Killed Maggie
  8816 | D:7      | You fall into a shaft and drop 2 floors!
  8842 | D:9      | Identified a scroll of acquirement
  8842 | D:9      | Acquired a +6 ring of strength
  8906 | D:9      | Noticed Pikel
  8920 | D:9      | Reached skill level 13 in Axes
  8927 | D:9      | Killed Pikel
  8939 | D:9      | Noticed Psyche
  8952 | D:9      | Killed Psyche
  8953 | D:9      | Reached skill level 14 in Axes
  8953 | D:9      | Reached XP level 10. HP: 55/74 MP: 10/10
  9091 | D:9      | Noticed Maurice
  9103 | D:9      | Killed Maurice
  9324 | D:9      | Found a snail-covered altar of Cheibriados.
  9329 | D:9      | Found a burning altar of Makhleb.
  9331 | D:9      | Found a broken altar of Ashenzari.
  9331 | D:9      | Found a sparkling altar of Nemelex Xobeh.
  9332 | D:9      | Found a glowing golden altar of the Shining One.
  9684 | D:9      | Noticed Joseph
  9693 | D:9      | Killed Joseph
  9752 | D:9      | Found a glowing silver altar of Zin.
  9858 | D:9      | Reached skill level 15 in Axes
 10464 | D:10     | Entered Level 10 of the Dungeon
 10464 | D:10     | Found a staircase to the Lair.
 11679 | D:10     | Reached skill level 16 in Axes
 11849 | D:10     | Reached skill level 1 in Spellcasting
 11849 | D:10     | Reached skill level 1 in Evocations
 11869 | D:10     | Noticed a smoke demon
 12229 | D:10     | Identified the +0 ring mail of the Rose {Rampage Will+
                  | rCorr Str+3}
 12246 | D:10     | Found a staircase to the Orcish Mines.
 12605 | D:10     | Gained mutation: You occasionally lose the ability to drink
                  | potions when taking damage. [Ru sacrifice]
 12605 | D:10     | Gained mutation: You sometimes lose the ability to drink
                  | potions when taking damage. [Ru sacrifice]
 12605 | D:10     | Reached ** piety under Ru
 12808 | D:11     | Noticed Snorg
 12897 | D:11     | Reached XP level 11. HP: 19/80 MP: 14/14
 12914 | D:11     | HP: 2/80 [Snorg (16)]
 12915 | D:11     | Demolished by Snorg

Illustrated notes

Levels and vault maps discovered:
D:1:      dpeg_arrival_chambers_temple_mockup, layout_rooms,
          ebering_ecumenical_altar_abandoned, minmay_nonomino_d4
D:2:      layout_rooms, minmay_goblin_kobold_house
D:3:      layout_basic, dk_yredelemnul_ordeal, serial_shops, shop
D:4:      layout_basic, grunt_gozag_statues, serial_shops,
          nicolae_shop_statue_plus
D:5:      layout_basic, nicolae_vehumet_radiance, lemuel_tele_altar,
          nicolae_ru_sacrificial_ziggurat, minmay_temple_entry_from_below_b,
          grunt_decor_junction, grunt_ministairs_4, due_unseen_surprise
D:6:      layout_rooms, mainiacjoe_overflow_surrounded_room,
          kennysheep_generic_room_12
D:7:      layout_loops_ring, nicolae_kikubaaqudgha_miasma_corner, uniq_maggie,
          uniq_duvessa
D:9:      layout_roguey, mainiacjoe_overflow_paths, minitemple,
          kennysheep_minor_cross, nrook_campfire, uniq_maurice, uniq_psyche,
          uniq_pikel, uniq_joseph
D:10:     minmay_flawed_box, layout_basic, erik_lair_orcish_takeover
D:11:     hangedman_cross_stitches, layout_layer_cave, minmay_circle_x,
          uniq_snorg

Skill      XL: |  1  2  3  4  5  6  7  8  9 10 |
---------------+-------------------------------+-----
Shields        | 3 |  3.0
Armour         | 3 |  3.0
Axes           | 3 4 6 7 9 11 14 16 | 16.0
Spellcasting   | 2 |  2.5
Evocations     | 2 |  2.5
Fighting       | |  3.2

Action                   |  1- 3 |  4- 6 |  7- 9 | 10-12 || total
-------------------------+-------+-------+-------+-------++-------
Melee: War axe           |   103 |   106 |   211 |   169 ||   589
       Tailslap          |    11 |     8 |    17 |    18 ||    54
Invok: Sacrifice Arcana  |       |       |     1 |       ||     1
       Sacrifice Drink   |       |       |       |     1 ||     1
 Abil: Rolling Charge    |       |     6 |    14 |    10 ||    30
Evoke: Wand              |       |       |       |     3 ||     3
  Use: Scroll            |       |    10 |     5 |     5 ||    20
       Potion            |       |       |    10 |     1 ||    11
 Stab: Paralysed         |       |       |       |     2 ||     2
Armor: Scale mail        |    54 |    49 |   122 |       ||   225
       Swamp dragon scal |       |       |       |    76 ||    76
Dodge: Dodged            |    30 |    26 |    90 |   109 ||   255
Block: Buckler           |    22 |    23 |    46 |    50 ||   141
